 Dungeon Crawl Stone Soup version 0.31-a0-277-g31ea1f65cc (webtiles) character file.

Game seed: 11471120353755668459

70190 Shard1697 the Basher (level 14, -1/118 (121) HPs)
             Began as a Pale Draconian Cinder Acolyte on July 15, 2023.
             Was the Champion of Lugonu.
             Slain by a tengu warrior
             ... wielding a +0 long sword
              (11 damage)
             ... on level 13 of the Dungeon.
             The game lasted 00:59:47 (25296 turns).

Shard1697 the Basher (DrCA)                        Turns: 25296, Time: 00:59:48

HP:   -1/118 (121)  AC: 16    Str: 16    XL:     14   Next: 93%
MP:   14/23         EV: 19    Int: 22    God:    Lugonu [******]
Gold: 1800          SH:  0    Dex: 11    Spells: 5/25 levels left

rFire   . . .        a - +4 morningstar (pain)
rCold   . . .        (no shield)
rNeg    . . .        (body armour unavailable)
rPois   .            m - +1 hat
rElec   .            x - +2 cloak {rCorr}
rCorr   +            L - +2 pair of gloves
SInv    .            A - +0 pair of boots
Will    +....        C - amulet of faith
Stlth   +            f - +5 ring of evasion
HPRegen 0.39/turn    w - +6 ring of intelligence
MPRegen 0.18/turn

%: faith
@: short of breath, lightly drained
A: breathe steam, AC +8, unfitting armour, cold-blooded, steam resistance,
stinger 1, no potion heal 1
a: Breathe Steam, Renounce Religion, Depart the Abyss, Banish, Corrupt, Enter
the Abyss, Brand Weapon With Distortion


You were on level 13 of the Dungeon.
You worshipped Lugonu.
Lugonu was exalted by your worship.
You visited 2 branches of the dungeon, and saw 18 of its levels.
You visited the Abyss 1 time.
You visited 1 bazaar.

You collected 2273 gold pieces.
You spent 473 gold pieces at shops.

Inventory:

Hand Weapons
 a - a +4 morningstar of pain (weapon)
Missiles
 B - a throwing net
Armour
 m - a +1 hat (worn)
 x - a +2 cloak of preservation (worn)
 A - a +0 pair of boots (worn)
 L - a +2 pair of gloves (worn)
Jewellery
 f - a +5 ring of evasion (left hand)
 g - a +4 ring of protection
 h - a ring of magical power
 o - a ring of see invisible
 s - a ring of protection from fire
 w - a +6 ring of intelligence (right hand)
 C - an amulet of faith (around neck)
 J - the amulet "Nobbang" {Spirit rC+++ Str+6 Dex-3}
   (You found it on level 5 of the Lair of Beasts)

   [amulet of guardian spirit]

   It causes incoming damage to be divided between your reserves of health and
   magic.
   Str:       It affects your strength (+6).
   Dex:       It affects your dexterity (-3).
   rC:        It renders you almost immune to cold.
 K - a +4 ring of slaying
Wands
 b - a wand of flame (21)
 c - a wand of charming (9)
 i - a wand of digging (12)
 k - a wand of mindburst (17)
 n - a wand of iceblast (2)
 t - a wand of polymorph (5)
Scrolls
 l - 5 scrolls of teleportation
 p - 2 scrolls of poison
 q - 2 scrolls of fog
 r - 2 scrolls of amnesia
 v - 4 scrolls of identify
 y - a scroll of revelation
Potions
 d - 2 potions of might
 j - 5 potions of mutation
 u - 4 potions of haste
 z - 3 potions of magic
 D - a potion of resistance
 E - 3 potions of enlightenment
 F - 3 potions of attraction
 H - a potion of invisibility {unknown}
 I - a potion of brilliance


   Skills:
 - Level 10.1 Fighting
 + Level 13.8 Maces & Flails
 + Level 8.1 Dodging
 - Level 6.0 Spellcasting
 + Level 13.5 Necromancy
 - Level 3.6 Translocations
 - Level 4.7 Fire Magic
 - Level 8.3 Ice Magic
 - Level 10.1 Invocations


You had 5 spell levels left.
You knew the following spells:

 Your Spells              Type           Power      Damage    Failure   Level
a - Dispel Undead         Necr           60%        3d21      1%          4
b - Blink                 Tloc           44%        N/A       3%          2
c - Sublimation of Blood  Necr           60%        N/A       1%          2
d - Scorch                Fire           54%        2d7       1%          2
e - Anguish               Hex/Necr       18%        N/A       5%          4
t - Simulacrum            Ice/Necr       26%        N/A       16%         6

Your spell library contained the following spells:

 Spells                   Type           Power      Damage    Failure   Level
 Kiss of Death            Conj/Necr      100%       2d13      1%          1
 Frozen Ramparts          Ice            86%        1d13      1%          3
 Ensorcelled Hibernation  Hex/Ice        50%        N/A       2%          2
 Foxfire                  Conj/Fire      64%        2x1d7     3%          1
 Lesser Beckoning         Tloc           44%        N/A       3%          2
 Hailstorm                Conj/Ice       25%        3d7       4%          3
 Volatile Blastmotes      Fire/Tloc      48%        2d14      4%          3
 Momentum Strike          Conj/Tloc      28%        3d8       7%          2
 Vhi's Electric Charge    Tloc/Air       28%        N/A       13%         3
 Static Discharge         Conj/Air       12%        2-3/arc   14%         2
 Summon Ice Beast         Ice/Summ       25%        N/A       16%         4
 Manifold Assault         Tloc           22%        N/A       21%         4
 Confusing Touch          Hex            6%         N/A       26%         3
 Dazzling Flash           Conj/Hex       12%        N/A       26%         3
 Stone Arrow              Conj/Erth      12%        3d7       26%         3
 Swiftness                Air            6%         N/A       26%         3
 Metabolic Englaciation   Hex/Ice        12%        N/A       41%         5
 Airstrike                Air            3%         2d(1-17)  65%         4
 Petrify                  Tmut/Erth      6%         N/A       65%         4
 Summon Lightning Spire   Summ/Air       6%         N/A       65%         4
 Arcjolt                  Conj/Air       3%         1d13      94%         5
 Borgnjor's Revivificati  Necr           30%        N/A       93%         8
 Plasma Beam              Fire/Air       8%         2x1d18    99%         6
 Starburst                Conj/Fire      8%         6d4       99%         6
 Lehudib's Crystal Spear  Conj/Erth      3%         10d2      100%        8
 Maxwell's Capacitive Co  Air            3%         ∞         100%        8
 Animate Armour           Summ/Erth      Unusable   N/A       N/A         4

Dungeon Overview and Level Annotations

Branches:
Dungeon (13/15)            Temple (0/1) D:7            Lair (5/5) D:10
 Shoals (0/4) Lair:3       Spider (0/4) Lair:2        Slime (0/5) Lair:4
    Orc (0/2) D:12
 Vaults: D:13-14

Altars:
Ashenzari
Cheibriados
Dithmenos
Elyvilon
Okawaru
Ru
Sif Muna
Trog
Zin
Lugonu

Shops:
D:5 *[   D:8 *   D:13 [

Portals:
Abyss: Lair:5

Annotations:
D:8 Gastronok
Lair:5 2 transporters, benadryl's ghost, journeyman TrSh
Abyss:1 Maurice; Nessos; Pikel


Innate Abilities, Weirdness & Mutations

You can breathe blasts of scalding, opaque steam.
Your pale cyan-grey scales are hard. (AC +8)
You cannot fit into any form of body armour.
You are cold-blooded and may be slowed by cold attacks.
You are immune to the effects of steam.
Your tail ends in a venomous barb.
Potions are less effective at restoring your health.


Message History

Aiming: Breathe Steam (1% risk of failure)
Press: ? - help, Shift-Dir - straight line, f - tengu warrior
Aim: a tengu warrior, wielding a +0 long sword, wearing a +0 leather armour and wearing a +0 kite shield (lightly wounded, 54% to hit)
You exhale a blast of scalding steam.
The ball of steam misses the tengu warrior.
The tengu warrior is engulfed in a cloud of scalding steam.
The tengu warrior hits you with a +0 long sword!
* * * LOW HITPOINT WARNING * * *
The tengu warrior misses you.
The tengu warrior claws you but does no damage.
Casting: Simulacrum (dangerous; 16% risk of failure)
Confirm with . or Enter, or press ? or * to list all spells.
Okay, then.
Casting: Simulacrum (dangerous; 16% risk of failure)
Confirm with . or Enter, or press ? or * to list all spells.
Casting: Anguish (dangerous; 5% risk of failure)
Press: ? - help, Dir - look around, f - activate Look: a tengu warrior, wielding a +0 long sword, wearing a +0 leather armour and wearing a +0 kite shield (steam, lightly wounded, chance to affect: 56%)
The tengu warrior is haunted by guilt!
The tengu warrior is engulfed in a cloud of scalding steam.
The tengu warrior hits you with a +0 long sword.
* * * LOW HITPOINT WARNING * * *
The tengu warrior is wracked by anguish.
The tengu warrior pecks you but does no damage.
The tengu warrior barely misses you.
Your system partially rejects the healing.
You feel better.
The tengu warrior is engulfed in a cloud of scalding steam.
The tengu warrior hits you with a +0 long sword!
* * * LOW HITPOINT WARNING * * *
The tengu warrior is wracked by anguish!
The tengu warrior pecks you.
* * * LOW HITPOINT WARNING * * *
The tengu warrior is wracked by anguish.
The tengu warrior closely misses you.
Your system partially rejects the healing.
You feel better.
The tengu warrior is engulfed in a cloud of scalding steam.
The tengu warrior hits you with a +0 long sword!
You die...

.. . . .##
#^## #.[
#.# #.#
#.# #@#
#.# #Q#
#.# #:#
#.# #.#
#.# #.#
#.# #.#
#<##
#.####!#
#...
#......##
####
#..##...##


You could see a tengu warrior (anguished).

Vanquished Creatures
  2 hydras
  Harold (D:11)
  A rakshasa (D:11)
  2 centaur warriors (D:13)
  2 catoblepae
  6 two-headed ogres
  2 thrashing horrors (Lair:5)
  4 death yaks
  A skeletal warrior (D:13)
  3 skysharks
  A lindwurm (Lair:3)
  3 harpies (Lair:3)
  A deep elf pyromancer (D:11)
  3 manticores
  An oklob plant (Lair:3)
  An ugly thing (D:12)
  2 cyclopes (D:13)
  10 elephants
  6 black mambas
  6 cane toads
  Joseph (D:8)
  A gargoyle (D:11)
  Maggie (D:6)
  2 kobold demonologists
  2 ancient zymes (Lair:5)
  8 komodo dragons
  A tengu conjurer (D:13)
  9 trolls
  2 large abominations (Lair:5)
  Grinder (D:3)
  A hornet (D:9)
  20 blink frogs
  2 shadows (D:10)
  4 water elementals (D:10)
  40 yaks
  A spriggan (Lair:5)
  2 ynoxinuls (Lair:5)
  7 basilisks
  4 wyverns
  3 wraiths
  Grum (D:8)
  4 steam dragons
  A fire elemental (D:7)
  4 vampire mosquitoes
  3 chaos spawn (Lair:5)
  A warg (D:12)
  An acid dragon (D:9)
  13 water moccasins
  Duvessa (D:7)
  2 black bears
  An orc warrior (D:8)
  A sky beast (shapeshifter) (D:13)
  35 wolves
  A sky beast (D:7)
  An ogre (D:4)
  7 centaurs
  5 kobold brigands
  10 bullfrogs
  A scorpion (D:6)
  9 small abominations (Lair:5)
  15 wights
  Dowan (D:7)
  14 killer bees
  3 howler monkeys
  7 electric eels
  4 jellies
  2 hounds
  6 orc priests
  Crazy Yiuf (D:5)
  2 sleepcaps (D:4)
  3 iguanas
  11 orc wizards
  4 hell rats (Lair:5)
  6 adders
  2 river rats (D:10)
  2 shadow imps
  A white imp (D:8)
  An ufetubus (D:5)
  5 dart slugs
  24 orcs
  13 endoplasms
  3 giant cockroaches
  7 goblins
  7 hobgoblins
  7 jackals
  8 quokkas
  4 ball pythons
  5 bats
  2 frilled lizards
  27 kobolds
  7 rats
476 creatures vanquished.

Vanquished Creatures (collateral kills)
  4 death yaks (Lair:5)
  A large abomination (Lair:5)
  2 deep elf zephyrmancers (D:12)
  A cyclops (D:12)
  An elephant (Lair:4)
  A black mamba (Lair:4)
  A cane toad (Lair:5)
  An unseen horror (D:12)
  An efreet (D:13)
  A komodo dragon (Lair:5)
  A troll (D:12)
  9 blink frogs
  A wyvern (Lair:4)
  2 basilisks (Lair:5)
  11 yaks
  A vampire mosquito (D:12)
  A small abomination (Lair:5)
  A black bear (shapeshifter) (Lair:5)
  A centaur (D:13)
  A jelly (Lair:4)
  An orc (D:12)
44 creatures vanquished.

Vanquished Creatures (others)
  A skyshark (Lair:5)
  A bullfrog (D:8)
2 creatures vanquished.

Grand Total: 522 creatures vanquished

Notes
Turn   | Place    | Note
-------+----------+-------------------------------------------
     0 | D:1      | Shard1697 the Draconian Cinder Acolyte began the quest for
                  | the Orb.
     0 | D:1      | Reached XP level 1. HP: 19/19 MP: 2/2
   278 | D:1      | Reached XP level 2. HP: 26/26 MP: 2/4
   287 | D:1      | Learned a level 2 spell: Scorch
   857 | D:1      | Reached XP level 3. HP: 31/31 MP: 6/6
  1432 | D:2      | Found a faded altar of an unknown god.
  2160 | D:3      | Noticed Grinder
  2162 | D:3      | Paralysed by Grinder for 3 turns
  2173 | D:3      | Killed Grinder
  2174 | D:3      | Reached XP level 4. HP: 29/41 MP: 2/7
  2174 | D:3      | Reached XP level 5. HP: 34/47 MP: 2/8
  2303 | D:3      | Reached XP level 6. HP: 55/55 MP: 9/9
  2346 | D:3      | Reached skill level 5 in Fighting
  2984 | D:4      | Noticed a steam dragon
  3001 | D:4      | Killed a steam dragon
  3002 | D:4      | Reached skill level 5 in Maces & Flails
  3209 | D:4      | Your scales start taking on a pale cyan-grey colour.
  3209 | D:4      | Reached XP level 7. HP: 62/62 MP: 10/10
  3209 | D:4      | Gained mutation: You are immune to the effects of steam.
                  | [Pale Draconian growth]
  3408 | D:4      | Found a shimmering blue altar of Sif Muna.
  3575 | D:4      | Found a glowing silver altar of Zin.
  4399 | D:5      | Entered Level 5 of the Dungeon
  4464 | D:5      | Found a runed translucent door.
  4465 | D:5      | Noticed Crazy Yiuf
  4470 | Abyss:1  | Cast into level 1 of the Abyss (Crazy Yiuf)
  4485 | Abyss:1  | Found a corrupted altar of Lugonu.
  4493 | Abyss:1  | Fell from the grace of Ignis
  4493 | Abyss:1  | Became a worshipper of Lugonu the Unformed
  4493 | Abyss:1  | Reached * piety under Lugonu
  4493 | Abyss:1  | Reached ** piety under Lugonu
  4494 | D:5      | Escaped the Abyss
  4497 | D:5      | Killed Crazy Yiuf
  4656 | D:5      | You fall into a shaft and drop 2 floors!
  4692 | D:7      | Gained mutation: Potions are less effective at restoring
                  | your health. [potion of mutation]
  4692 | D:7      | Gained mutation: Your tail ends in a venomous barb. [potion
                  | of mutation]
  4945 | D:7      | Found a staircase to the Ecumenical Temple.
  4999 | D:4      | Reached skill level 1 in Invocations
  5057 | D:4      | Reached XP level 8. HP: 16/73 MP: 4/11
  5317 | D:5      | Found Zomyugiq's Overcharged Wands.
  5395 | D:5      | Found Acedeuc's Armour Emporium.
  5402 | D:5      | Bought a +1 hat for 121 gold pieces
  5812 | D:6      | Noticed Pikel
  5828 | D:6      | Banished Pikel
  5829 | D:6      | Reached skill level 5 in Invocations
  5947 | D:6      | You fall into a shaft and drop 3 floors!
  6001 | D:9      | Noticed a troll
  6014 | D:9      | Killed a troll
  6015 | D:9      | Reached XP level 9. HP: 66/83 MP: 13/13
  6148 | D:8      | You fall into a shaft and drop 2 floors!
  6148 | D:10     | Entered Level 10 of the Dungeon
  6563 | D:6      | Noticed Maggie
  6577 | D:6      | HP: 4/85 [Maggie/bolt of fire (14)]
  6584 | D:6      | Killed Maggie
  6585 | D:6      | Reached skill level 10 in Fighting
  6872 | D:6      | Reached skill level 1 in Necromancy
  6875 | D:6      | Reached *** piety under Lugonu
  6906 | D:6      | You fall into a shaft and drop 3 floors!
  6906 | D:9      | Was forgiven by Ignis
  7167 | D:6      | Found a bloodstained altar of Trog.
  7184 | D:6      | Found a sacrificial altar of Ru.
  7379 | D:6      | Identified the +1 robe of Beloved Salvation {-Cast rN++}
  7573 | D:7      | Noticed Dowan
  7574 | D:7      | Noticed Duvessa
  7593 | D:7      | Killed Duvessa
  7600 | D:7      | Killed Dowan
  8008 | D:7      | Reached XP level 10. HP: 93/93 MP: 15/15
  8504 | D:8      | Noticed Joseph
  8529 | D:8      | HP: 2/93 [Joseph/+0 quarterstaff (9)]
  8529 | D:8      | Noticed Gastronok
  8530 | D:8      | Killed Joseph
  8530 | D:8      | Reached **** piety under Lugonu
  8531 | D:8      | Reached skill level 5 in Necromancy
  8986 | D:8      | Found a snail-covered altar of Cheibriados.
  9298 | D:8      | Found an iron altar of Okawaru.
  9368 | D:8      | Noticed a manticore
  9398 | D:8      | Killed a manticore
  9589 | D:8      | Noticed Grum
  9617 | D:8      | Killed Grum
  9890 | D:8      | Found Gigiol's Assorted Antiques.
  9893 | D:8      | Bought a potion of might for 72 gold pieces
 10259 | D:9      | Noticed a two-headed ogre
 10271 | D:9      | Killed a two-headed ogre
 10272 | D:9      | Reached XP level 11. HP: 86/99 MP: 17/17
 10634 | D:9      | Learned a level 4 spell: Dispel Undead
 10681 | D:9      | Learned a level 6 spell: Simulacrum
 10794 | D:9      | Learned a level 2 spell: Blink
 11434 | D:10     | Noticed a two-headed ogre
 11435 | D:10     | Reached skill level 10 in Maces & Flails
 11464 | D:10     | Killed a two-headed ogre
 11528 | D:10     | Found a white marble altar of Elyvilon.
 11528 | D:10     | Found a shadowy altar of Dithmenos.
 11529 | D:10     | Found a broken altar of Ashenzari.
 11764 | D:10     | Found a staircase to the Lair.
 11764 | D:10     | Noticed a death yak
 11764 | D:10     | Noticed a death yak
 11764 | D:10     | Noticed a death yak
 11780 | D:10     | Killed a death yak
 11789 | D:10     | Killed a death yak
 11790 | D:10     | Reached skill level 10 in Invocations
 11795 | D:10     | Killed a death yak
 12205 | D:10     | Reached skill level 1 in Dodging
 12205 | D:10     | Reached skill level 1 in Translocations
 12741 | D:11     | Noticed a two-headed ogre
 12749 | D:11     | Killed a two-headed ogre
 12774 | D:11     | Found a flickering gateway to a bazaar.
 12780 | Bazaar   | Entered a bazaar
 12780 | Bazaar   | Found Bonuriowk's General Store.
 12780 | Bazaar   | Found Iphirph Kicw's Armour Boutique.
 12937 | Bazaar   | Found Zooshri's Jewellery Emporium.
 12956 | Bazaar   | Found Orpheucso's Jewellery Shoppe.
 13071 | D:11     | Noticed a boulder beetle
 13365 | D:11     | Noticed Harold
 13401 | D:11     | Killed Harold
 13404 | D:11     | Noticed a rakshasa
 13483 | D:11     | Reached XP level 12. HP: 59/106 MP: 19/19
 13751 | D:11     | Noticed a two-headed ogre
 13763 | D:11     | Killed a two-headed ogre
 13768 | D:11     | Banished a boulder beetle
 14156 | Lair:1   | Entered Level 1 of the Lair of Beasts
 14436 | Lair:1   | Identified the +2 orcbow "Qisoi" {speed, rC- Dex+4}
 14487 | Lair:1   | Reached skill level 1 in Ice Magic
 15451 | Lair:2   | Reached ***** piety under Lugonu
 15489 | Lair:2   | Found a hole to the Spider Nest.
 15765 | Lair:2   | Reached skill level 5 in Spellcasting
 15998 | Lair:2   | Got the Essays on Charnel Vapour
 16028 | Lair:2   | Reached skill level 5 in Ice Magic
 16523 | Lair:3   | Reached XP level 13. HP: 102/113 MP: 20/20
 16887 | Lair:3   | Reached skill level 10 in Necromancy
 17123 | Lair:3   | Found a staircase to the Shoals.
 17584 | Lair:3   | You fall into a shaft and drop 2 floors!
 17584 | Lair:5   | Entered Level 5 of the Lair of Beasts
 18386 | Lair:5   | Identified the amulet "Nobbang" {Spirit rC+++ Str+6 Dex-3}
 18401 | Lair:5   | Reached ****** piety under Lugonu
 19308 | Lair:3   | Reached skill level 5 in Dodging
 19413 | Lair:3   | Learned a level 2 spell: Sublimation of Blood
 19418 | Lair:3   | Learned a level 4 spell: Anguish
 19602 | Lair:4   | Found a staircase to the Slime Pits.
 20136 | Lair:4   | Reached XP level 14. HP: 41/121 MP: 13/23
 21295 | Lair:5   | Noticed benadryl's ghost (journeyman TrSh)
 21446 | Lair:5   | Found a transporter.
 21448 | Lair:5   | Found a transporter.
 21665 | Lair:5   | Identified a scroll of acquirement
 21666 | Lair:5   | Acquired 1132 gold pieces
 22662 | Lair:5   | Found a corrupted altar of Lugonu.
 22662 | Lair:5   | Found a one-way gate to the infinite horrors of the Abyss.
 23464 | D:12     | Noticed Nessos
 23777 | D:12     | Banished Nessos
 23891 | D:12     | Identified the +8 plate armour "Nyskenapt" {Dex+2}
 24056 | D:12     | Found a staircase to the Orcish Mines.
 24660 | D:13     | Found Waskiupn's Armour Boutique.
 24664 | D:13     | Bought a +2 pair of gloves for 280 gold pieces
 24840 | D:13     | Noticed Maurice
 25201 | D:13     | Banished Maurice
 25296 | D:13     | Slain by a tengu warrior

Illustrated notes

Levels and vault maps discovered:
D:1:      mainiacjoe_arrival_reflecting_pool, layout_basic,
          minmay_misc_feat_iff, moated_statue, lexackson_kobold_supper
D:2:      layout_rooms, shapermc_ecumenical_altar_ellora
D:3:      layout_basic, uniq_grinder
D:4:      layout_layer_cave, zin_statuary, tgw_sif, minmay_misc_feat_plants
D:5:      layout_cave_pools, serial_shops, nicolae_shop_peninsula,
          nicolae_shop_overcharged_wands, uniq_crazy_yiuf_cottage
D:6:      layout_loops_ring, nicolae_overflow_squiral, uniq_pikel, uniq_maggie
D:7:      layout_cave_pods, temple_green, uniq_duvessa
D:8:      kennysheep_ambush_hall, layout_loops_corners, okawaru_metal_pillars_3,
          mainiacjoe_overflow_surrounded_room, serial_shops,
          nicolae_shop_real_fake_doors, uniq_grum, uniq_joseph, uniq_gastronok
D:9:      layout_basic, serial_corexii_hall, corexii_hall_statues_x,
          corexii_hall_statues_u, corexii_hall_statues_s
D:10:     layout_cave_pools, chequers_temple_overflow_statue_of_worship,
          dpeg_lair_monsters, nicolae_underground_beach
D:11:     layout_rooms, serial_shops, bzr_in_the_mist, uniq_harold
D:12:     hellmonk_destroyed_diamonds, layout_basic, david_orc_3,
          billiards_dpeg, uniq_nessos
D:13:     layout_loops_ring, david_vaults_5, serial_shops,
          nicolae_shop_back_alley_shop, kennysheep_flooded_box, minivault_12,
          uniq_maurice
Lair:1:   layout_roguey
Lair:2:   layout_regular_city, spider_nest_entry_web_field, serial_bayou_shore_a
Lair:3:   layout_big_grid, nicolae_shoals_entry_roost, serial_bayou,
          serial_bayou_lake_a, serial_bayou_pond_b, serial_bayou_lagoon_a,
          serial_bayou_lagoon_b
Lair:4:   wander_river, layout_concentric_octagons,
          nicolae_slime_entry_field_trip, lemuel_fruit_tree, grunt_megastairs_4,
          serial_bayou_shore_b
Lair:5:   hellmonk_lair_end_abyssal_woods, layout_gridlike,
          gammafunk_ghost_hive, grunt_megastairs_1

Skill      XL: |  1  2  3  4  5  6  7  8  9 10 11 12 13 14 |
---------------+-------------------------------------------+-----
Spellcasting   | 2 5 6 |  6.0
Fighting       | 4 5 7 9 10 | 10.1
Maces & Flails | 4 5 6 7 9 11 12 13 | 13.8
Fire Magic     | 4 |  4.7
Invocations    | 2 5 7 9 10 | 10.1
Necromancy     | 3 6 8 9 12 13 | 13.5
Dodging        | 3 4 5 8 |  8.1
Translocations | 3 |  3.6
Ice Magic      | 5 8 |  8.3

Action                     |  1- 3 |  4- 6 |  7- 9 | 10-12 | 13-15 || total
---------------------------+-------+-------+-------+-------+-------++-------
  Melee: Mace              |    81 |    15 |    33 |       |       ||   129
         Tailslap          |     4 |     2 |    35 |    48 |   110 ||   199
         Punch             |       |     1 |     3 |     3 |     8 ||    15
         Quarterstaff      |       |       |   145 |       |       ||   145
         Morningstar       |       |       |    76 |   456 |   612 ||  1144
   Cast: Scorch            |    26 |    23 |    47 |    22 |     1 ||   119
         Dispel Undead     |       |       |       |     7 |     2 ||     9
         Blink             |       |       |       |     1 |     1 ||     2
         Simulacrum        |       |       |       |       |    52 ||    52
         Sublimation of Bl |       |       |       |       |     2 ||     2
         Anguish           |       |       |       |       |     1 ||     1
 Invoke: Depart the Abyss  |       |       |     1 |       |       ||     1
         Banish            |       |       |     1 |     3 |     4 ||     8
Ability: Breathe Steam     |       |       |     5 |    46 |    39 ||    90
  Evoke: Wand              |       |       |       |     3 |    10 ||    13
    Use: Potion            |       |       |    10 |     2 |     4 ||    16
         Scroll            |       |       |     2 |    13 |    11 ||    26
   Stab: Sleeping          |     1 |       |       |       |       ||     1
         Distracted        |       |       |       |       |     1 ||     1
 Armour: Skin              |    25 |     8 |   153 |   169 |   256 ||   611
  Dodge: Dodged            |    53 |    17 |   342 |   495 |   634 ||  1541

Table legend: (Time is in decaauts)
 A = Elapsed time spent in this place.
 B = Non-inter-level travel time spent in this place.
 C = Inter-level travel time spent in this place.
 D = Time resting spent in this place.
 E = Time spent auto-exploring this place.
 F = Levels seen in this place.
 G = Mean time per level.
                   A        B        C        D        E       F      G
               +--------+--------+--------+--------+--------+-----+--------+
         Total |  25457 |  24548 |    909 |   5233 |  14122 |  20 | 1272.8 |
       Dungeon |  16472 |  15829 |    643 |   3088 |   9527 |  13 | 1267.1 |
          Lair |   8698 |   8432 |    266 |   2145 |   4343 |   5 | 1739.6 |
         Abyss |     23 |     23 |      0 |      0 |      0 |   1 |   23.0 |
        Bazaar |    262 |    262 |      0 |      0 |    252 |   1 |  262.0 |
               +--------+--------+--------+--------+--------+-----+--------+

Top non-repeatable levels by time:
  Lair:5: 2966 daAuts
     D:7: 2053 daAuts
    D:10: 1971 daAuts
  Lair:4: 1718 daAuts
     D:4: 1710 daAuts
  Lair:3: 1633 daAuts
    D:11: 1462 daAuts
     D:9: 1455 daAuts
     D:8: 1352 daAuts
  Lair:1: 1276 daAuts
     D:1: 1260 daAuts
  Lair:2: 1103 daAuts
     D:3: 1076 daAuts
     D:6: 980 daAuts
     D:5: 904 daAuts
